 Dungeon Crawl Stone Soup version 0.19-a0-1886-gd64a0f0 (webtiles) character file.

174 JeffiDaFish the Sneak (level 5, -3/40 HPs)
             Began as a Vampire Enchanter on Oct 17, 2016.
             Slain by an ogre
             ... wielding a cursed -1 giant club
              (17 damage)
             ... on level 4 of the Dungeon.
             The game lasted 00:09:11 (3778 turns).

JeffiDaFish the Sneak (Vampire Enchanter)           Turns: 3778, Time: 00:09:12

Health: -3/40      AC:  3    Str:  8    XL:     5   Next: 28%
Magic:  2/8        EV: 13    Int: 18    God:
Gold:   156        SH:  0    Dex: 14    Spells: 3 memorised, 2 levels left

rFire  . . .     SeeInvis +     a - +1 dagger
rCold  . . .     Gourm    .     b - +1 robe
rNeg   + . .     Faith    .     (no shield)
rPois  .         Spirit   .     (no helmet)
rElec  .         Dismiss  .     (no cloak)
rCorr  .         Reflect  .     (no gloves)
MR     +....     Harm     .     (no boots)
Stlth  +++.......               (no amulet)
                                (no ring)
                                (no ring)

@: very slightly contaminated
A: fangs 3, see invisible, magic resistance 1, mutation resistance 1, robust 1,
unbreathing
a: Bat Form


You were on level 4 of the Dungeon.
You were not thirsty.

You visited 1 branch of the dungeon, and saw 4 of its levels.

You collected 156 gold pieces.

Inventory:

Hand Weapons
 a - a +1 dagger (weapon)
Armour
 b - a +1 robe (worn)
Wands
 h - a wand of iceblast (10/15)
Scrolls
 e - a scroll of blinking
 f - 3 scrolls of identify
 i - a scroll of remove curse
Potions
 d - 15 potions of blood
 g - 2 potions of curing
 j - a potion of ambrosia
Books
 c - a book of Maledictions

   Spells                             Type                      Level
   a - Corona                         Hexes                        1
   b - Ensorcelled Hibernation        Hexes/Ice                    2
   c - Confuse                        Hexes                        3
   d - Tukima's Dance                 Hexes                        3
   e - Dazzling Spray                 Conjuration/Hexes            3


   Skills:
 * Level 1.3 Fighting
 + Level 2.3 Short Blades
 + Level 3.1 Dodging
 + Level 6.0 Stealth
 + Level 2.4 Spellcasting
 + Level 5.1 Hexes
 + Level 1.2 Ice Magic


You had 2 spell levels left.
You knew the following spells:

 Your Spells              Type           Power        Failure   Level  Hunger
a - Corona                Hex            ###....      1%          1    #......
b - Ensorcelled Hibernat  Hex/Ice        ##....       10%         2    ##.....
c - Confuse               Hex            ###.....     10%         3    ###....


Dungeon Overview and Level Annotations

Branches:
Dungeon (4/15)
 Temple: D:4-7

Altars:
Xom


Innate Abilities, Weirdness & Mutations

You have razor-sharp teeth.
You have supernaturally acute eyesight. (SInv)
You can survive without breathing.
You are resistant to hostile enchantments. (MR+)
You are somewhat resistant to further mutation.
You are robust. (+10% HP)


Message History

Aiming: Ensorcelled Hibernation
Press: ? - help, Shift-Dir - straight line, f - ogre
Aim: an ogre, wielding a giant club (chance to defeat MR: 44%)
You miscast Ensorcelled Hibernation.
You are very lightly contaminated with residual magic.
You shiver with cold.
The ogre hits you with a giant club!
Casting: Ensorcelled Hibernation
Confirm with . or Enter, or press ? or * to list all spells.
Aiming: Ensorcelled Hibernation
Press: ? - help, Shift-Dir - straight line, f/p - ogre
Aim: an ogre, wielding a giant club (chance to defeat MR: 44%)
The ogre resists with some effort.
The ogre hits you with a giant club!
Casting: Ensorcelled Hibernation
Confirm with . or Enter, or press ? or * to list all spells.
Aiming: Ensorcelled Hibernation
Press: ? - help, Shift-Dir - straight line, f/p - ogre
Aim: an ogre, wielding a giant club (chance to defeat MR: 44%)
The ogre resists with some effort.
The ogre hits you with a giant club!
You die...

.. #.# .## #.#
..##.# #....##
#.....# ..
#.....# .
#.?...# .
####...@# .#
.....#Oh##.####
#.#.#.#.#......
.......O.#
..#.#.#.##
.........#
..#.#.#<##
.........#
..#.#.#.#..


You could see 2 ogres and a hound.

Vanquished Creatures
  An orc wizard (D:3)
  5 adders
  An ooze (D:3)
  A worm (D:3)
  2 dart slugs
  8 leopard geckos
  7 orcs (D:3)
  10 bats
  3 giant cockroaches
  9 goblins
  6 hobgoblins
  A jackal (D:2)
  5 kobolds
  A quokka (D:3)
  A ball python (D:2)
  2 frilled lizards
  8 rats
71 creatures vanquished.

Vanquished Creatures (others)
  3 bushes (D:1)
3 creatures vanquished.

Grand Total: 74 creatures vanquished

Notes
Turn   | Place    | Note
-------+----------+-------------------------------------------
     0 | D:1      | JeffiDaFish the Vampire Enchanter began the quest for the Orb.
     0 | D:1      | Reached XP level 1. HP: 13/13 MP: 3/3
   287 | D:1      | Gained mutation: You are robust. (+10% HP) [potion of mutation]
   287 | D:1      | Gained mutation: You are somewhat resistant to further mutation. [potion of mutation]
   287 | D:1      | Gained mutation: You are resistant to hostile enchantments. (MR+) [potion of mutation]
   312 | D:1      | Reached XP level 2. HP: 7/20 MP: 5/5
   316 | D:1      | Learned a level 2 spell: Ensorcelled Hibernation
   606 | D:1      | Reached skill level 5 in Stealth
  1389 | D:1      | Reached XP level 3. HP: 24/26 MP: 6/6
  2126 | D:2      | Reached XP level 4. HP: 22/33 MP: 5/7
  2405 | D:2      | Found a shimmering altar of Xom.
  2407 | D:2      | Found a deep blue altar of Sif Muna.
  2407 | D:2      | Found a white marble altar of Elyvilon.
  2411 | D:2      | Found a glowing silver altar of Zin.
  2411 | D:2      | Found a burning altar of Makhleb.
  2411 | D:2      | Found a shattered altar of Ashenzari.
  2853 | D:3      | Learned a level 3 spell: Confuse
  2948 | D:3      | Reached skill level 5 in Hexes
  2954 | D:3      | Reached skill level 1 in Fighting
  2997 | D:3      | Reached skill level 6 in Stealth
  2997 | D:3      | Reached XP level 5. HP: 9/40 MP: 0/8
  3256 | D:3      | Reached skill level 1 in Ice Magic
  3769 | D:4      | Noticed an ogre
  3769 | D:4      | Noticed an ogre
  3778 | D:4      | Slain by an ogre

Vault maps used:
D:1:      nicolae_arrival_somewhat_less_tricky_arrival, minmay_hedge_maze
D:2:      doesnt_xom_only_xom, serial_bayou, serial_bayou_pond_e,
          serial_bayou_pond_e, serial_bayou_pond_d, serial_bayou_pond_b,
          minmay_tetromino_o4
D:4:      nicolae_overflow_hidden_temple, st_stairs_8, uniq_sigmund

Skill      XL: |  1  2  3  4  5 |
---------------+----------------+-----
Stealth        | 5 6 |  6.0
Short Blades   | 2 |  2.3
Hexes          | 5 |  5.1
Fighting       | 1 |  1.3
Ice Magic      | 1 |  1.2
Dodging        | 3 |  3.1
Spellcasting   | |  2.4

Action                   |  1- 3 |  4- 6 || total
-------------------------+-------+-------++-------
Melee: Dagger            |   165 |   139 ||   304
       Bite              |    14 |     5 ||    19
 Cast: Ensorcelled Hiber |     3 |    12 ||    15
       Confuse           |       |     1 ||     1
  Use: Potion            |    11 |     8 ||    19
       Scroll            |     2 |     1 ||     3
 Stab: Sleeping          |     7 |    11 ||    18
       Distracted        |     1 |       ||     1
Armor: Robe              |    40 |    23 ||    63
Dodge: Dodged            |   117 |    74 ||   191
